 Dungeon Crawl Stone Soup version 0.18-a0-1166-g6e2d2a0 (webtiles) character file.

322 RedPan the Conjurer (level 6, -1/34 (36) HPs)
             Began as an Octopode Wizard on Jan 26, 2016.
             Slain by an adder (3 damage)
             ... on level 3 of the Dungeon.
             The game lasted 00:12:02 (3262 turns).

RedPan the Conjurer (Octopode Wizard)               Turns: 3262, Time: 00:12:03

HP:   -1/34 (36)    AC:  1    Str: 11    XL:     6   Next: 47%
MP:   0/12          EV: 12    Int: 22    God:
Gold: 118           SH:  0    Dex: 11    Spells: 5 memorised, 4 levels left

rFire  . . .     SeeInvis .     i - +1 whip (elec)
rCold  . . .     Gourm    .     (no shield)
rNeg   . . .     Faith    .     a - +0 hat
rPois  .         Spirit   .     (no amulet)
rElec  .         Dismiss  .     k - +5 ring of strength
rCorr  .         Reflect  .     (no ring)
SustAt .         Harm     .     (no ring)
MR     .....                    (no ring)
Stlth  +++.......               (no ring)
                                (no ring)
                                (no ring)
                                (no ring)

@: not resistant to hostile enchantments, fairly stealthy
A: almost no armour, amphibious, 8 rings, constrict 8, camouflage 1, gelatinous
body 1
a: no special abilities


You were on level 3 of the Dungeon.
You were not hungry.

You visited 1 branch of the dungeon, and saw 3 of its levels.

You collected 118 gold pieces.

Inventory:

Hand Weapons
 i - a +1 whip of electrocution (weapon)
 j - a +2 dagger of protection
Armour
 a - a +0 hat (worn)
Jewellery
 k - a +5 ring of strength (left tentacle)
Scrolls
 d - 2 scrolls of enchant weapon
 e - a scroll of fog
 f - a scroll of random uselessness
Books
 b - a book of Minor Magic

   Spells                             Type                      Level
   a - Magic Dart                     Conjuration                  1
   b - Blink                          Translocation                2
   c - Call Imp                       Summoning                    2
   d - Repel Missiles                 Charms/Air                   2
   e - Slow                           Hexes                        2
   f - Conjure Flame                  Conjuration/Fire             3
   g - Mephitic Cloud                 Conjuration/Poison/Air       3
Comestibles
 c - 2 bread rations


   Skills:
 - Level 2.0 Dodging
 - Level 2.6 Stealth
 + Level 4.6 Spellcasting
 * Level 5.0 Conjurations
   Level 1.0 Summonings
 - Level 1.0 Translocations


You had 4 spell levels left.
You knew the following spells:

 Your Spells              Type           Power        Failure   Level  Hunger
a - Magic Dart            Conj           ####         1%          1    None
b - Mephitic Cloud        Conj/Pois/Air  ##......     17%         3    ##.....
c - Slow                  Hex            #.......     17%         2    None
d - Blink                 Tloc           N/A          12%         2    None
e - Repel Missiles        Chrm/Air       #.....       17%         2    None


Dungeon Overview and Level Annotations

Branches:
Dungeon (3/15)

Altars:
Qazlal


Innate Abilities, Weirdness & Mutations

You cannot wear most types of armour.
You are amphibious.
You can wear up to eight rings at the same time.
You can use your tentacles to constrict eight enemies at once.
Your skin changes colour to match your surroundings (Stealth).
Your rubbery body absorbs attacks (AC +1).


Message History

The adder is severely wounded.
The worm barely misses you.
Casting: Magic Dart
Confirm with . or Enter, or press ? or * to list all spells.
Aiming: Magic Dart
Press: ? - help, Shift-Dir - straight line, f/p - adder
Aim: an adder (severely wounded)
The magic dart hits the adder.
The adder is almost dead.
Casting: Magic Dart
Confirm with . or Enter, or press ? or * to list all spells.
Aiming: Magic Dart
Press: ? - help, Shift-Dir - straight line, f/p - adder
Aim: an adder (almost dead)
The magic dart hits the adder.
The adder is almost dead.
The adder bites you.
* * * LOW HITPOINT WARNING * * *
The worm barely misses you. The adder bites you.
You die...

#.# #.#
###.#
#...#
#...#
#...#
#.wS#
#..@#
#...####
#.


You could see a worm and an adder.

Vanquished Creatures
  A necrophage (D:2)
  Crazy Yiuf (D:2)
  7 gnolls
  5 adders
  2 oozes
  2 worms
  2 giant geckos (D:1)
  8 orcs (D:3)
  7 bats
  4 giant cockroaches
  8 goblins
  7 hobgoblins
  A jackal (D:2)
  5 giant newts
  11 kobolds
  8 rats
  A plant (D:1)
80 creatures vanquished.

Notes
Turn   | Place    | Note
--------------------------------------------------------------
     0 | D:1      | RedPan the Octopode Wizard began the quest for the Orb.
     0 | D:1      | Reached XP level 1. HP: 11/11 MP: 4/4
   221 | D:1      | Reached XP level 2. HP: 17/17 MP: 1/6
   950 | D:2      | Reached XP level 3. HP: 21/21 MP: 2/7
  1298 | D:1      | Reached XP level 4. HP: 15/27 MP: 9/9
  1408 | D:1      | Learned a level 3 spell: Mephitic Cloud
  1411 | D:1      | Learned a level 2 spell: Slow
  1414 | D:1      | Learned a level 2 spell: Blink
  1417 | D:1      | Learned a level 2 spell: Repel Missiles
  1935 | D:2      | Reached XP level 5. HP: 31/31 MP: 6/10
  1972 | D:2      | Reached skill level 4 in Spellcasting
  2068 | D:2      | Noticed Crazy Yiuf
  2081 | D:2      | Killed Crazy Yiuf
  2186 | D:2      | Found a stormy altar of Qazlal.
  2842 | D:3      | Noticed a necrophage
  2898 | D:2      | Killed a necrophage
  2898 | D:2      | Reached XP level 6. HP: 14/34 MP: 9/12
  3246 | D:2      | Reached skill level 5 in Conjurations
  3262 | D:3      | Slain by an adder

Vault maps used:
D:1:      dpeg_arrival_fog, minmay_misc_feat_columns,
          corexii_item_surrounded_by_moat, minivault_25, lexackson_kobold_supper
D:2:      grunt_qazlal_sundering, minmay_unequal, uniq_crazy_yiuf_cottage
D:3:      fedhas_altar_fruit_tree, moated_statue

Action                   |  1- 3 |  4- 6 || total
-------------------------+-------+-------++-------
Melee: Unarmed           |     5 |       ||     5
       Dagger            |    58 |    26 ||    84
       Whip              |       |     9 ||     9
 Cast: Magic Dart        |    38 |   118 ||   156
       Mephitic Cloud    |       |     3 ||     3
       Slow              |       |     1 ||     1
  Use: Scroll            |       |     7 ||     7
 Stab: Sleeping          |     2 |       ||     2
       Confused          |       |     1 ||     1
  Eat: Chunk             |     1 |     5 ||     6
       Royal jelly       |       |     1 ||     1
